 Dungeon Crawl Stone Soup version 0.31-a0-716-gc7603755dd (webtiles) character file.

Game seed: 9596312515483925453

803 Essalna the Conjurer (level 7, -2/46 HPs)
             Began as a Demonspawn Conjurer on Sept 10, 2023.
             Killed by nerve-wracking pain
             ... invoked by a shadow imp
              (3 damage)
             ... on level 5 of the Dungeon.
             The game lasted 00:06:45 (4442 turns).

Essalna the Conjurer (Demonspawn Conjurer)          Turns: 4442, Time: 00:06:46

Health: -2/46      AC:  5    Str:  7    XL:     7   Next: 59%
Magic:  15/15      EV: 12    Int: 21    God:
Gold:   299        SH:  0    Dex: 12    Spells: 14/17 levels left

rFire   . . .        m - staff of conjuration
rCold   . . .        (no shield)
rNeg    . . .        a - +0 robe
rPois   .            (no helmet)
rElec   .            k - +1 cloak
rCorr   .            (no gloves)
SInv    .            (no boots)
Will    .....        (no amulet)
Stlth   ++           (no ring)
HPRegen 0.27/turn    (no ring)
MPRegen 0.14/turn

%: no passive effects
@: no status effects
A: powered by pain 2, sharp scales 1
a: no special abilities


You were on level 5 of the Dungeon.
You visited 1 branch of the dungeon, and saw 5 of its levels.

You collected 299 gold pieces.

Inventory:

Hand Weapons
 c - a +0 dagger
Armour
 a - a +0 robe (worn)
 k - a +1 cloak (worn)
 u - a +0 leather armour of poison resistance
Magical Staves
 d - a staff of earth
 m - a staff of conjuration (weapon)
Wands
 v - a wand of flame (28)
Scrolls
 f - a scroll of identify {unknown}
 l - a scroll of noise {unknown}
 n - 2 scrolls of poison {unknown}
 o - 2 scrolls of fog {unknown}
 q - 2 scrolls of blinking {unknown}
 r - a scroll of enchant weapon {unknown}
 t - a scroll of vulnerability {unknown}
 w - a scroll of butterflies {unknown}
Potions
 b - a potion of magic
 e - 3 potions of attraction {unknown}
 g - a potion of might {unknown}
 h - 2 potions of haste {unknown}
 i - 2 potions of curing {unknown}
 j - a potion of brilliance {unknown}
 p - a potion of degeneration {unknown}
 s - a potion of heal wounds {unknown}
 x - 2 potions of berserk rage {unknown}


   Skills:
 - Level 1.7 Dodging
 - Level 1.7 Stealth
 + Level 5.8 Spellcasting
 + Level 7.3 Conjurations


You had 14 spell levels left.
You knew the following spells:

 Your Spells              Type           Power      Damage    Failure   Level
a - Magic Dart            Conj           100%       1d8       1%          1
b - Searing Ray           Conj           100%       2d8       1%          2

Your spell library contained the following spells:

 Spells                   Type           Power      Damage    Failure   Level
 Dazzling Flash           Conj/Hex       64%        N/A       7%          3
 Hailstorm                Conj/Ice       32%        3d8       7%          3
 Freeze                   Ice            24%        1d4       10%         1
 Fulminant Prism          Conj/Hex       16%        3d10      22%         4
 Iskenderun's Mystic Bla  Conj/Tloc      32%        2d8       22%         4
 Frozen Ramparts          Ice            12%        1d2       30%         3
 Arcjolt                  Conj/Air       16%        1d26      52%         5
 Vhi's Electric Charge    Tloc/Air       12%        N/A       69%         4
 Maxwell's Capacitive Co  Air            3%         ∞         100%        8


Dungeon Overview and Level Annotations

Branches:
Dungeon (5/15)
 Temple: D:4-7

Altars:
Dithmenos
Okawaru
Qazlal

Shops:
D:1 =:

Annotations:
D:5 Eustachio


Innate Abilities, Weirdness & Mutations

You sometimes gain power by taking damage.
You are partially covered in razor-sharp scales. (AC +1, Slay +1)


Message History

The shadow imp hits you. The black bear bites you. The black bear misses you.
The black bear closely misses you. The black bear bites you.
The black bear closely misses you.
The black bear claws you but does no damage.
The shadow imp shouts, "Scamper hence, thou puny rude-growing guttersnipe!"
The shadow imp hits you. The black bear barely misses you.
The black bear closely misses you. The black bear claws you.
The shadow imp hits you. The shadow imp misses you. The black bear bites you.
The black bear claws you but does no damage.
The black bear closely misses you.
Eustachio the Magnificent comes into view.
He is wielding a +0 rapier.
The black bear bites you but does no damage.
The black bear barely misses you. The black bear completely misses you.
The shadow imp completely misses you. The black bear barely misses you.
The black bear claws you. The black bear barely misses you.
The shadow imp gestures at you. Pain shoots through your body!
The shadow imp hits you. The black bear bites you.
The black bear claws you but does no damage.
The black bear claws you.
* * * LOW HITPOINT WARNING * * *
The black bear bites you.
* * * LOW HITPOINT WARNING * * *
The black bear closely misses you. x2
The shadow imp hits you but does no damage.
The black bear bites you but does no damage.
The black bear barely misses you.
The black bear claws you but does no damage.
Eustachio mumbles some strange words.
Eustachio blinks!
The shadow imp barely misses you. The black bear bites you.
* * * LOW HITPOINT WARNING * * *
The black bear claws you.
* * * LOW HITPOINT WARNING * * *
The black bear misses you. The shadow imp gestures at you.
Pain shoots through your body!
You die...

≈≈≈≈ ≈..
######+≈.#
#......≈.# #
#......≈.# ≈≈≈
#..#......≈.#.≈..
#.....5÷..≈.#.≈.#
#PP...h@†.≈.#.≈.#
.P..@####..≈.#
... #..≈.# .
#.###..≈.#
#....<.≈.#
######.≈.#
........≈......
..#####.≈≈≈≈≈≈≈
#........


You could see Eustachio, a black bear and a shadow imp.

Vanquished Creatures
  Prince Ribbit (D:5)
  An ogre (D:4)
  3 scorpions
  A quasit (D:5)
  An orc priest (D:4)
  2 jellies (D:4)
  A sleepcap (D:5)
  4 gnolls (D:4)
  6 adders
  A shadow imp (D:5)
  An ufetubus (D:5)
  A worm (D:3)
  3 orcs (D:4)
  5 ball pythons
  10 bats
  7 endoplasms
  4 giant cockroaches
  6 goblins
  9 hobgoblins
  5 jackals
  7 kobolds
  A quokka (D:4)
  11 frilled lizards
  7 rats
98 creatures vanquished.

Notes
Turn   | Place    | Note
-------+----------+-------------------------------------------
     0 | D:1      | Essalna the Demonspawn Conjurer began the quest for the
                  | Orb.
     0 | D:1      | Reached XP level 1. HP: 13/13 MP: 3/3
   231 | D:1      | Gained mutation: You sometimes gain a little power by
                  | taking damage. [demonic ancestry]
   231 | D:1      | Reached XP level 2. HP: 19/19 MP: 1/5
   377 | D:1      | Found a faded altar of an unknown god.
   378 | D:1      | Noticed a golden eye
   380 | D:1      | Noticed a golden eye
   380 | D:1      | Noticed a shining eye
   380 | D:1      | Noticed a great orb of eyes
   525 | D:1      | Found Codeoqai's Jewellery Shop.
   677 | D:1      | Found Owup's Book Shop.
   962 | D:1      | Reached XP level 3. HP: 24/24 MP: 2/7
  1187 | D:2      | You fall into a shaft and drop 1 floor!
  1640 | D:4      | Learned a level 2 spell: Searing Ray
  1643 | D:4      | Noticed a scorpion
  1656 | D:3      | Killed a scorpion
  1657 | D:3      | Reached skill level 5 in Conjurations
  1657 | D:3      | Gained mutation: You sometimes gain power by taking damage.
                  | [demonic ancestry]
  1657 | D:3      | Reached XP level 4. HP: 30/30 MP: 4/9
  1782 | D:3      | Found a stormy altar of Qazlal.
  2035 | D:3      | Reached XP level 5. HP: 35/35 MP: 7/10
  2210 | D:2      | Found an iron altar of Okawaru.
  3340 | D:4      | Found a shadowy altar of Dithmenos.
  3449 | D:4      | Reached skill level 6 in Conjurations
  3449 | D:4      | Reached XP level 6. HP: 41/41 MP: 5/12
  3818 | D:4      | Reached skill level 5 in Spellcasting
  4094 | D:5      | Entered Level 5 of the Dungeon
  4102 | D:5      | Noticed Prince Ribbit
  4170 | D:5      | Gained mutation: You are partially covered in razor-sharp
                  | scales. (AC +1, Slay +1) [demonic ancestry]
  4170 | D:5      | Reached XP level 7. HP: 46/46 MP: 6/14
  4174 | D:5      | Killed Prince Ribbit
  4175 | D:5      | Reached skill level 7 in Conjurations
  4436 | D:5      | Noticed Eustachio
  4442 | D:5      | HP: 1/46 [black bear (3)]
  4442 | D:5      | Killed from afar by a shadow imp

Illustrated notes

Levels and vault maps discovered:
D:1:      giann_wishing_wells, layout_basic, serial_shops, nicolae_diamond_shop,
          nicolae_shop_rolling_square, hellmonk_ecumenical_altar_watching_god,
          minmay_lizard_pond
D:2:      layout_loops_cross, basic_altar, serial_glass, glass_columns_a,
          glass_columns_c
D:3:      layout_loops_ring, mainiacjoe_overflow_catwalk
D:4:      layout_cave_pools, nicolae_dithmenos_shadow_blocks,
          eino_small_chamber_without_monster
D:5:      layout_basic, nicolae_overflow_squiral, minmay_temple_entry_slanted,
          serial_demonic, serial_demonic_c, serial_demonic_e, serial_demonic_a,
          serial_demonic_g, serial_demonic_b, serial_demonic_e,
          serial_demonic_d, uniq_prince_ribbit1, uniq_crazy_yiuf_cottage,
          uniq_eustachio

Skill      XL: |  1  2  3  4  5  6  7 |
---------------+----------------------+-----
Spellcasting   | 3 4 5 |  5.8
Conjurations   | 5 6 7 |  7.3
Dodging        | |  1.7
Stealth        | |  1.7

Action                     |  1- 3 |  4- 6 |  7- 9 || total
---------------------------+-------+-------+-------++-------
  Melee: Dagger            |    15 |       |       ||    15
         Staff             |       |       |     5 ||     5
   Cast: Magic Dart        |    69 |   107 |    22 ||   198
         Searing Ray       |     1 |     6 |     1 ||     8
 Armour: Robe              |    11 |    15 |    28 ||    54
  Dodge: Dodged            |    15 |    14 |    32 ||    61

Table legend: (Time is in decaauts)
 A = Elapsed time spent in this place.
 B = Non-inter-level travel time spent in this place.
 C = Inter-level travel time spent in this place.
 D = Time resting spent in this place.
 E = Time spent auto-exploring this place.
 F = Levels seen in this place.
 G = Mean time per level.
                   A        B        C        D        E       F      G
               +--------+--------+--------+--------+--------+-----+--------+
         Total |   4443 |   4289 |    154 |     49 |   3738 |   5 |  888.6 |
       Dungeon |   4443 |   4289 |    154 |     49 |   3738 |   5 |  888.6 |
               +--------+--------+--------+--------+--------+-----+--------+

Top non-repeatable levels by time:
     D:1: 1151 daAuts
     D:3: 1043 daAuts
     D:4: 1021 daAuts
     D:2: 928 daAuts
     D:5: 298 daAuts
